 Dungeon Crawl Stone Soup version 0.20.1-1-g8b1a95d (console) character file.

646 hilaritas the Slasher (level 7, -4/52 HPs)
             Began as a Human Fighter on Oct 29, 2017.
             Killed from afar by Blork the orc (6 damage)
             ... with a puff of flame
             ... on level 4 of the Dungeon.
             The game lasted 00:08:23 (3975 turns).

hilaritas the Slasher (Human Fighter)               Turns: 3975, Time: 00:08:24

Health: -4/52      AC: 13    Str: 24    XL:     7   Next: 82%
Magic:  7/7        EV:  6    Int:  8    God:
Gold:   170        SH: 10    Dex: 12    Spells: 6/6 levels left

rFire    . . .     SeeInvis .   a - +0 long sword
rCold    . . .     Gourm    .   c - +0 shield
rNeg     . . .     Faith    .   x - +4 chain mail
rPois    .         Spirit   .   (no helmet)
rElec    .         Reflect  .   (no cloak)
rCorr    .         Harm     .   (no gloves)
MR       .....                  (no boots)
Stlth    ..........             (no amulet)
Regen    0.2/turn               (no ring)
MPRegen  0.1/turn               (no ring)

@: mighty
A: no striking features
a: no special abilities


You were on level 4 of the Dungeon.
You were hungry.

You visited 1 branch of the dungeon, and saw 4 of its levels.

You collected 170 gold pieces.

Inventory:

Hand Weapons
 a - a +0 long sword (weapon)
 s - a +0 short sword
 y - a +0 falchion
Missiles
 w - 5 tomahawks (quivered)
Armour
 c - a +0 shield (worn)
 x - a +4 chain mail (worn)
Wands
 b - a wand of enslavement (24/24)
Scrolls
 h - 5 scrolls of identify
 m - a scroll of remove curse
 p - a scroll of enchant armour
Potions
 e - 2 potions of cancellation
 k - 2 potions of flight
Comestibles
 f - 5 bread rations
 g - 2 meat rations
 o - a royal jelly
 q - 6 fruits


   Skills:
 + Level 3.6 Fighting
 * Level 6.8 Long Blades
 - Level 3.0 Armour
 + Level 4.9 Shields


You had 6 spell levels left.
You didn't know any spells.

Dungeon Overview and Level Annotations

Branches:
Dungeon (4/15)
 Temple: D:4-7

Altars:

Annotations:
D:4 Blork the orc


Message History

A puff of flame appears from out of thin air!
You block the puff of flame.
You hit something. You miss something. Something hits you. Something hits you!
* * * LOW HITPOINT WARNING * * *
You feel very mighty all of a sudden. You block something's attack.
Your shield and chain mail prevent you from hitting something.
Something hits you but does no damage.
You slice something!! Something hits you but does no damage.
You miss something. Something hits you!
* * * LOW HITPOINT WARNING * * *
Something hits you.
* * * LOW HITPOINT WARNING * * *
Unknown command.
Okay, then.
You hear some strange, mumbled words.
A puff of flame appears from out of thin air!
The puff of flame hits you!
You die...

########## #........#
#.######.# #.#### #.#
#....# #.# ####.# #.#
##########.###.#
...............##### .
########.#.###.....#
....#########.#.####.####
......{.@..........[...>#
....#########.#.#####.#.#
. #.#.# #.#.# #.#.# #...#
######.#.# ####..#
#......#.# #.....#
#......#+###.....#
#.........##.....# ######
#.........######.# #....#
#.........# ####..
##....#####.........#
#.....


There were no monsters in sight!

Vanquished Creatures
  Menkaure (D:4)
  An ogre (D:4)
  4 orc wizards (D:4)
  2 orc priests
  A centaur skeleton (D:4)
  2 worker ants (D:4)
  8 gnolls
  An adder (D:3)
  An ooze (D:2)
  2 worms
  3 dart slugs
  3 leopard geckos
  7 orcs
  3 ball pythons
  6 giant cockroaches
  4 goblins
  12 hobgoblins
  9 jackals
  A quokka (D:2)
  7 bats
  2 frilled lizards
  9 kobolds
  A leopard gecko skeleton (D:4)
  5 rats
95 creatures vanquished.

Notes
Turn   | Place    | Note
-------+----------+-------------------------------------------
     0 | D:1      | hilaritas the Human Fighter began the quest for the Orb.
     0 | D:1      | Reached XP level 1. HP: 18/18 MP: 1/1
    42 | D:1      | Reached XP level 2. HP: 13/24 MP: 2/2
   493 | D:1      | Reached XP level 3. HP: 29/29 MP: 3/3
   681 | D:1      | Reached skill level 3 in Long Blades
  1227 | D:2      | Reached XP level 4. HP: 35/35 MP: 4/4
  1900 | D:3      | Reached skill level 4 in Long Blades
  2239 | D:3      | Reached XP level 5. HP: 35/41 MP: 5/5
  2809 | D:4      | Reached XP level 6. HP: 27/47 MP: 6/6
  2984 | D:4      | Reached skill level 5 in Long Blades
  3270 | D:4      | Noticed an ogre
  3275 | D:4      | Killed an ogre
  3275 | D:4      | Reached skill level 6 in Long Blades
  3275 | D:4      | Reached XP level 7. HP: 52/52 MP: 7/7
  3590 | D:4      | Noticed Menkaure
  3617 | D:4      | Killed Menkaure
  3945 | D:4      | Noticed Blork the orc
  3974 | D:4      | HP: 2/52 [something (5)]
  3975 | D:4      | Killed from afar by Blork the orc

Skill      XL: |  1  2  3  4  5  6 |
---------------+-------------------+-----
Long Blades    | 3 4 6 |  6.8
Shields        | 4 |  4.9
Fighting       | |  3.6
Armour         | |  3.0

Action                   |  1- 3 |  4- 6 |  7- 9 || total
-------------------------+-------+-------+-------++-------
Melee: Long sword        |   117 |   226 |    65 ||   408
Throw: Tomahawk          |       |     4 |       ||     4
  Use: Scroll            |       |     8 |       ||     8
       Potion            |       |     2 |     5 ||     7
  Eat: Chunk             |     1 |     7 |     2 ||    10
Armor: Scale mail        |    52 |    39 |       ||    91
       Chain mail        |       |    82 |    12 ||    94
       Skin              |       |       |     9 ||     9
Dodge: Dodged            |    38 |    51 |     8 ||    97
Block: Shield            |    57 |   109 |    37 ||   203
       Rpst.: Long sword |    12 |    18 |     4 ||    34
